woodfighter, chaotic female orcish Cavewoman --- ---- -..- |..--- ----.. --....---|...| --- |.......--..-- ---.--------.|........-- |....|.|.------...*....--- |..........-- |..........| ---.........---..........--- --.................).....--- --...................<)[..--- ------------..................[...)...| .- |....................|............%.....--- ......- ----------....%--|..*.........G.......G.........------- -- | ---...---- --...........TG....G........(.............- |....-- --.--...............------- ..---- ........- |..--- --------..........-- -- ---- |..--..----- ----|..| ---- woodfighter the Young Cave Woman Experience level: 8 Strength: 18/03 Dexterity: 12 Constitution: 18 Intelligence: 10 Wisdom: 9 Charisma: 9 Health: 0(75) Energy: 27(27) Def: 15 Gold: 28 Moves: 3941 Dungeon seed: dbzrMBsaA1BvyMgn Game ID: woodfighter_1476700707 Your Inventory: Coins $ - 28 gold pieces Weapons a - a blessed +2 dwarvish spear named main (weapon in hand) b - 3 blessed +2 dwarvish spears named Spear of Sorrow (in quiver) u - 2 +0 dwarvish spears Armor e - a cursed -2 dwarvish cloak g - an uncursed +0 dwarvish iron helm (being worn) n - an uncursed +0 dwarvish cloak o - an uncursed +0 cloak of invisibility (being worn) q - a blessed +1 dwarvish mithril-coat (being worn) z - an uncursed +1 Hawaiian shirt (being worn) J - an uncursed +2 pair of speed boots (being worn) W - an uncursed +0 pair of leather gloves (being worn) Comestibles c - 5 uncursed food rations K - 2 uncursed pancakes Rings I - a cursed ring of conflict Wands w - a wand of cold (0:5) B - a wand of sleep (0:6) Tools s - an uncursed sack t - an uncursed stethoscope y - an uncursed skeleton key Gems r - an uncursed luckstone Contents of the sack: an uncursed [+0] pick-axe Spells and supernatural/magical abilities: Name Level Category Fail Memory W - pray for help -- divine ? -- Your skills at the end: Miscellaneous Skills bare handed combat [Basic] Weapon Skills scimitar [Basic] club [Basic] sling [Basic] Spellcasting Skills Final Attributes: You were piously aligned. You were poison resistant. You were stunned. Your writing hand was ok. You had infravision. You were invisible. You were somewhat stealthy. You were very fast. You were lucky. You had extra luck. Bad luck did not time out for you. Good luck did not time out for you. You are dead. Vanquished creatures: a leprechaun a gnome king an owlbear a dingo a gnome mummy a bugbear 4 wood nymphs a rock mole a shrieker 11 gnome lords 6 gnomish wizards a golden naga hatchling a guardian naga hatchling a gray ooze a puppy 15 dwarves 2 iguanas a jitterbug 9 monkeys 2 dwarf zombies a werejackal 3 hobbits a gecko a giant rat a green mold 48 gnomes 8 garter snakes 2 manes a gnome zombie 3 jackals a kobold 2 newts a goblin 3 grid bugs 3 lichens a kobold zombie 142 creatures vanquished. Voluntary challenges: You did not cause conflict. You did not have reflection. You were not displaced. You had been an atheist until turn 1892. You used a wielded weapon 203 times, starting on turn 14. You did not apply a unicorn horn. You did not use plumbed fixtures. You did not drink any magical draughts. You were illiterate. You never genocided any monsters. You never polymorphed an object. You never changed form. You used no wishes. You never split a pudding. You never wrote Elbereth's name. You never violated your personal moral code. Dungeon overview: The Dungeons of Doom: levels 1 to 3 Level 1 (w) a long staircase Level 2 a general store, some fountains stairs to The Gnomish Mines Level 3 The Gnomish Mines: levels 3 to 9 Level 3 stairs to The Dungeons of Doom Level 4 Level 5 many shops, a temple to Anu, a magic chest, some fountains, a sink Level 6 Level 7 Level 8 Level 9 <- You were here History has recorded: On T:1 you entered the Dungeons of Doom to retrieve the Amulet of Yendor! On T:10 you reached level 2 of The Dungeons of Doom. On T:484 you reached level 1 of The Gnomish Mines. On T:653 you advanced to experience level 2. On T:779 you reached level 3 of The Dungeons of Doom. On T:904 you advanced to experience level 3. On T:939 you advanced to experience level 4. On T:986 you advanced to experience level 5. On T:1183 you reached level 2 of The Gnomish Mines. On T:1365 you reached level 3 of The Gnomish Mines. On T:1675 you advanced to experience level 6. On T:1880 you entered the Minetown temple On T:2000 you opened a magic chest. On T:2244 you advanced to experience level 7. On T:2317 you reached level 4 of The Gnomish Mines. On T:2601 you reached level 5 of The Gnomish Mines. On T:2865 you reached level 6 of The Gnomish Mines. On T:3575 you reached level 7 of The Gnomish Mines. On T:3875 you advanced to experience level 8. Score breakdown: Gold: 28 ( 2 points) Experience: 8 levels ( 700 points) Exploration: 9 levels ( 240 points) Discoveries: 19 items ( 950 points) Variety of kills: 36 monsters ( 1800 points) Major goal: reached Minetown ( 500 points) Survival: died (score multiplied by 3) Total score: 12576 Latest messages: The troll swings his thonged club at something. The troll hits you! The troll claws you! The troll bites! You attack thin air. The troll swings his thonged club at something. The troll hits you! The troll misses. The troll bites! You attack thin air. The troll swings his thonged club at something. The troll hits you! The troll claws you! The troll misses. You attack thin air. The gnomish wizard points all around, then curses. The troll swings his thonged club at something. The troll hits you! The troll claws you! The troll misses. You jab the gnomish wizard! You attack thin air. The gnomish wizard points all around, then curses. The troll swings his thonged club at something. The troll hits you! The troll claws you! You die... Final status: Goodbye woodfighter the Cavewoman, killed by a troll... You died in The Gnomish Mines on dungeon level 9 with 12576 points, and 28 pieces of gold, after 3941 moves. You were level 8 with a maximum of 75 hit points when you died.